 Dungeon Crawl Stone Soup version 0.30-a0-737-gf23d94013f (webtiles) character file.

Game seed: 16724073794731023482

65 pokeman the Magician (level 3, -2/20 HPs)
             Began as a Deep Elf Hedge Wizard on Feb 1, 2023.
             Slain by an orc priest
             ... wielding a +0 war axe
              (8 damage)
             ... on level 3 of the Dungeon.
             The game lasted 00:04:03 (2360 turns).

pokeman the Magician (Deep Elf Hedge Wizard)        Turns: 2360, Time: 00:04:03

Health: -2/20      AC:  3    Str:  7    XL:     3   Next: 92%
Magic:  3/11       EV: 12    Int: 20    God:
Gold:   51         SH:  0    Dex: 14    Spells: 4/12 levels left

rFire   . . .      SeeInvis .    i - +0 spear (venom)
rCold   . . .      Faith    .    (no shield)
rNeg    . . .      Spirit   .    b - +0 robe
rPois   .          Reflect  .    c - +0 hat
rElec   .          Harm     .    (no cloak)
rCorr   .          Rampage  .    n - +0 pair of gloves
Will    .....                    (no boots)
Stlth   ++                       (no amulet)
HPRegen 0.23/turn                (no ring)
MPRegen 0.12/turn                (no ring)

@: very slightly contaminated
A: no striking features
a: no special abilities


You were on level 3 of the Dungeon.
You visited 1 branch of the dungeon, and saw 3 of its levels.

You collected 51 gold pieces.

Inventory:

Hand Weapons
 i - a +0 spear of venom (weapon)
Armour
 b - a +0 robe (worn)
 c - a +0 hat (worn)
 n - a +0 pair of gloves (worn)
Jewellery
 f - a ring of ice
Scrolls
 g - 2 scrolls of noise {unknown}
 h - 3 scrolls of identify {unknown}
 j - a scroll of vulnerability {unknown}
 k - a scroll of fear {unknown}
 l - a scroll of amnesia {unknown}
 m - a scroll of fog {unknown}
Potions
 a - a potion of heal wounds {unknown}
 d - a potion of magic
 e - a potion of brilliance {unknown}
 o - a potion of might {unknown}


   Skills:
 - Level 1.0 Fighting
 - Level 1.0 Armour
 + Level 2.6 Dodging
 + Level 2.5 Stealth
 * Level 5.4 Spellcasting
 + Level 2.0 Conjurations
 - Level 1.1 Summonings
 - Level 1.1 Translocations


You had 4 spell levels left.
You knew the following spells:

 Your Spells              Type           Power      Damage    Failure   Level
a - Magic Dart            Conj           52%        1d5       4%          1
b - Mephitic Cloud        Conj/Pois/Air  8%         N/A       26%         3
c - Call Imp              Summ           9%         N/A       11%         2
d - Blink                 Tloc           18%        N/A       11%         2

Your spell library contained the following spells:

 Spells                   Type           Power      Damage    Failure   Level
 Summon Small Mammal      Summ           36%        N/A       7%          1
 Slow                     Hex            20%        N/A       11%         1
 Cigotuvi's Dreadful Rot  Necr/Pois/Air  10%        N/A       17%         2
 Call Canine Familiar     Summ           9%         N/A       22%         3
 Summon Guardian Golem    Hex/Summ       7%         N/A       26%         3


Dungeon Overview and Level Annotations

Branches:
Dungeon (3/15)

Altars:


Message History

The orc priest appears confused.
An orc wizard opens the door.
An orc wizard comes into view. It is wielding a +4 dagger.
Your magical contamination has completely faded away.
Reach: i) +0 spear (venom)
Press: ? - help, Dir - move target, f/p - orc priest
Aim: an orc priest, wielding a +0 war axe and wearing a +0 leather armour (confused, about 21% to evade your +0 spear of venom)
The orc shouts!
You hit the orc priest but do no damage.
The orc priest is poisoned.
The orc priest hits you with a +0 war axe!
The orc wizard is engulfed in noxious fumes.
The orc wizard appears confused.
Reach: i) +0 spear (venom)
Press: ? - help, Dir - move target, f/p - orc priest
Aim: an orc priest, wielding a +0 war axe and wearing a +0 leather armour (lightly wounded, confused, poisoned, about 21% to evade your +0 spear of venom)
You hit the orc priest but do no damage.
The orc priest looks even sicker.
The orc priest is lightly wounded.
The orc wizard is engulfed in noxious fumes.
The orc wizard appears confused.
The orc priest hits you with a +0 war axe!
* * * LOW HITPOINT WARNING * * *
Casting: Mephitic Cloud (extremely dangerous; 26% risk of failure)
Confirm with . or Enter, or press ? or * to list all spells.
The spell is extremely dangerous to miscast (26% risk of failure)!
Continue anyway?
Aiming: Mephitic Cloud (extremely dangerous; 26% risk of failure)
Press: ? - help, Shift-Dir - straight line, f - orc wizard, p - orc priest
Aim: an orc wizard, wielding a +4 dagger and wearing a +0 robe (confused, chance to affect: 86%)
You miscast Mephitic Cloud.
You are very lightly contaminated with residual magic.
Nothing appears to happen.
Casting: Mephitic Cloud (extremely dangerous; 26% risk of failure)
Confirm with . or Enter, or press ? or * to list all spells.
You don't have enough magic to cast this spell.
There are monsters nearby!
The endoplasm jiggles.
The orc priest seems less confused.
The orc priest attacks as you move away!
The orc priest hits you with a +0 war axe!
You die...

..#.##.....#.....
.........../.....
#......$.......
#..........#####.
.##....o.......... ##.
.......J...#......<
......#....#...o.#......#
......#....#..oo........+
......#+##.#...@#.......#
.....#...#.#............#
.....#...#...##..#######.
.............##.##
##.........#..#
#......##..>###
###......####)...... ..
#........# #..#####
##+###... .(........##
#......# #....#...


You could see an orc priest (very poisoned), 2 orc wizards, an orc and an
endoplasm.

Vanquished Creatures
  3 dart slugs (D:1)
  An orc (D:3)
  5 ball pythons
  12 endoplasms
  6 goblins
  3 hobgoblins
  2 quokkas
  7 bats
  2 frilled lizards
  6 kobolds
  3 rats
50 creatures vanquished.

Notes
Turn   | Place    | Note
-------+----------+-------------------------------------------
     0 | D:1      | pokeman the Deep Elf Hedge Wizard began the quest for the
                  | Orb.
     0 | D:1      | Reached XP level 1. HP: 10/10 MP: 7/7
   259 | D:1      | Reached XP level 2. HP: 16/16 MP: 5/9
   654 | D:1      | Reached skill level 5 in Spellcasting
   974 | D:1      | Reached XP level 3. HP: 14/20 MP: 2/11
   978 | D:1      | Learned a level 3 spell: Mephitic Cloud
   981 | D:1      | Learned a level 2 spell: Call Imp
   984 | D:1      | Learned a level 2 spell: Blink
  1730 | D:2      | Reached skill level 1 in Armour
  1860 | D:2      | Reached skill level 1 in Fighting
  2360 | D:3      | Slain by an orc priest

Illustrated notes

Levels and vault maps discovered:
D:1:      dreamdust_arrival_beginning_and_end, layout_loops_ring
D:2:      layout_loops_ring
D:3:      layout_basic

Skill      XL: |  1  2  3 |
---------------+----------+-----
Spellcasting   | 5 |  5.4
Armour         | 1 |  1.0
Fighting       | 1 |  1.0
Conjurations   | 2 |  2.0
Dodging        | |  2.6
Stealth        | |  2.5
Summonings     | |  1.1
Translocations | |  1.1

Action                     || total
---------------------------++-------
  Melee: Spear             ||     5
   Cast: Magic Dart        ||   120
         Mephitic Cloud    ||     1
   Stab: Sleeping          ||     2
 Armour: Robe              ||     6
  Dodge: Dodged            ||     6

Table legend: (Time is in decaauts)
 A = Elapsed time spent in this place.
 B = Non-inter-level travel time spent in this place.
 C = Inter-level travel time spent in this place.
 D = Time resting spent in this place.
 E = Time spent auto-exploring this place.
 F = Levels seen in this place.
 G = Mean time per level.
                   A        B        C        D        E       F      G
               +--------+--------+--------+--------+--------+-----+--------+
         Total |   2359 |   2342 |     17 |      0 |   2095 |   3 |  786.3 |
       Dungeon |   2359 |   2342 |     17 |      0 |   2095 |   3 |  786.3 |
               +--------+--------+--------+--------+--------+-----+--------+

Top non-repeatable levels by time:
     D:1: 1328 daAuts
     D:2: 776 daAuts
     D:3: 254 daAuts
